 Dungeon Crawl Stone Soup version 0.21-a0-2-ge494091 (webtiles) character file.

2166 grindst0ne the Cleaver (level 9, -10/86 HPs)
             Began as a Minotaur Berserker on May 22, 2017.
             Was a Priest of Trog.
             Mangled by a two-headed ogre
             ... wielding a +0 giant spiked club
              (17 damage)
             ... on level 7 of the Dungeon.
             The game lasted 00:18:10 (6510 turns).

grindst0ne the Cleaver (Minotaur Berserker)         Turns: 6510, Time: 00:18:11

Health: -10/86     AC: 11    Str: 22    XL:     9   Next: 10%
Magic:  8/8        EV:  8    Int:  4    God:    Trog [***...]
Gold:   360        SH:  0    Dex: 13    Spells: 8/8 levels left

rFire    . . .     SeeInvis .   a - +0 hand axe
rCold    . . .     Gourm    .   (no shield)
rNeg     . . .     Faith    .   f - +0 chain mail
rPois    .         Spirit   .   (helmet restricted)
rElec    .         Reflect  .   u - +0 cloak
rCorr    .         Harm     .   (no gloves)
MR       ++...                  d - +0 pair of boots
Stlth    ..........             (no amulet)
Regen    1.3/turn               (no ring)
MPRegen  0.2/turn               (no ring)

@: confused, regenerating, slowed, very slow
A: retaliatory headbutt, horns 2
a: Berserk, Trog's Hand, Burn Spellbooks, Renounce Religion


You were on level 7 of the Dungeon.
You worshipped Trog.
Trog was most pleased with you.
You were near starving.

You visited 1 branch of the dungeon, and saw 7 of its levels.

You collected 360 gold pieces.

Inventory:

Hand Weapons
 a - a +0 hand axe (weapon)
Missiles
 p - 2 tomahawks (quivered)
Armour
 d - a +0 pair of boots (worn)
 f - a +0 chain mail (worn)
 r - the +2 leather armour of Leosch {rF+}
   (You took it off a hobgoblin on level 4 of the Dungeon)

   It protects you from fire.
 u - a +0 cloak (worn)
 v - a +0 plate armour
Wands
 o - a wand of paralysis (5/24)
 s - a wand of iceblast (5/15)
Scrolls
 e - 3 scrolls of identify
 h - 2 scrolls of enchant weapon
 m - a scroll of teleportation
 n - a scroll of fear
 q - 5 scrolls of remove curse
 y - a scroll of fog {unknown}
Potions
 g - a potion of berserk rage {unknown}
 j - 2 potions of cancellation
 k - a potion of flight {unknown}
 l - 4 potions of curing
 t - a potion of ambrosia
 x - a potion of heal wounds {unknown}
 A - a potion of mutation {unknown}
Comestibles
 b - 2 meat rations
 c - 5 bread rations
 i - 3 royal jellies
 w - 2 fruits
 z - 9 chunks of flesh


   Skills:
 + Level 10.6 Fighting
 + Level 10.8 Axes
 - Level 2.4 Armour
 - Level 2.1 Dodging


You had 8 spell levels left.
You didn't know any spells.

Dungeon Overview and Level Annotations

Branches:
Dungeon (7/15)             Temple (0/1) D:5

Altars:
Gozag
Kikubaaqudgha
Ru
Sif Muna
Vehumet
Yredelemnul
Zin
The Shining One

Annotations:
D:5 exclusion: statue


Innate Abilities, Weirdness & Mutations

You reflexively headbutt those who attack you in melee.
You have a pair of horns on your head.


Message History

Okay, then.
You slash the two-headed ogre! You headbutt the two-headed ogre!
The two-headed ogre is severely wounded.
You slash the two-headed ogre! You headbutt the two-headed ogre.
The two-headed ogre is almost dead.
The two-headed ogre hits you with a giant spiked club!!
* * * LOW HITPOINT WARNING * * *
The two-headed ogre hits you with a giant club.
* * * LOW HITPOINT WARNING * * *
You hit the two-headed ogre. You headbutt the two-headed ogre.
The two-headed ogre is almost dead.
The two-headed ogre closely misses you.
The two-headed ogre hits you with a giant club!
* * * LOW HITPOINT WARNING * * *
You are confused.
You feel invigorated.
The two-headed ogre hits you with a giant spiked club!
* * * LOW HITPOINT WARNING * * *
The two-headed ogre hits you with a giant club!
You die...

.....#...#............ ..
....#.....#..........# ...
...###.....#.........##....
...##..###....#............
.......#####.##......?....#
.............# #.)..#
.##.........## #...##
..#.........# ##O.#
..#........## #@.##
...........#####..#
.....##...###.#...#
..................#
..................#
..................#
#...................
.#..................#
...................##


You could see a two-headed ogre.

Vanquished Creatures
  Grinder (D:3)
  Menkaure (D:7)
  Edmund (D:4)
  An orc warrior (D:6)
  The ghost of grindst0ne the Skirmisher, an amateur MiBe of Trog (D:3)
  2 ice beasts (D:7)
  A necrophage (D:5)
  2 ogres
  A big kobold (D:6)
  2 bullfrogs
  2 crimson imps
  A bullfrog zombie (D:6)
  3 orc priests
  3 hounds
  7 orc wizards
  2 bullfrog skeletons (D:4)
  2 iguanas (D:4)
  4 worker ants
  Robin (D:2)
  A howler monkey skeleton (D:5)
  9 adders
  2 oozes
  4 worms
  5 dart slugs
  4 leopard geckos
  28 orcs
  2 ball pythons
  8 bats
  4 giant cockroaches
  16 goblins
  8 hobgoblins
  5 jackals
  2 quokkas
  5 frilled lizards
  A giant cockroach zombie (D:5)
  8 kobolds
  6 rats
156 creatures vanquished.

Vanquished Creatures (others)
  A plant (D:6)
1 creature vanquished.

Grand Total: 157 creatures vanquished

Notes
Turn   | Place    | Note
-------+----------+-------------------------------------------
     0 | D:1      | grindst0ne the Minotaur Berserker began the quest for the Orb.
     0 | D:1      | Reached XP level 1. HP: 19/19 MP: 0/0
   181 | D:1      | Reached XP level 2. HP: 21/27 MP: 1/1
   504 | D:1      | Found a glowing golden altar of the Shining One.
   678 | D:2      | Found a sacrificial altar of Ru.
  1238 | D:2      | Reached XP level 3. HP: 21/33 MP: 2/2
  1496 | D:2      | Noticed Robin
  1501 | D:2      | Reached ** piety under Trog
  1511 | D:2      | Killed Robin
  1511 | D:2      | Reached skill level 5 in Axes
  1602 | D:2      | Found a faded altar of an unknown god.
  1645 | D:2      | Found a basalt altar of Yredelemnul.
  1648 | D:2      | Found an opulent altar of Gozag.
  1651 | D:2      | Found a glowing silver altar of Zin.
  1698 | D:2      | Reached XP level 4. HP: 30/41 MP: 3/3
  1940 | D:3      | Noticed grindst0ne's ghost (amateur MiBe)
  1953 | D:3      | Killed grindst0ne's ghost
  1953 | D:3      | Reached skill level 5 in Fighting
  1953 | D:3      | Reached XP level 5. HP: 49/49 MP: 4/4
  2362 | D:3      | Found an ancient bone altar of Kikubaaqudgha.
  2752 | D:3      | Found a deep blue altar of Sif Muna.
  3111 | D:4      | Noticed Grinder
  3118 | D:3      | Reached XP level 6. HP: 52/57 MP: 5/5
  3524 | D:3      | Paralysed by Grinder for 7 turns
  3542 | D:3      | Killed Grinder
  3542 | D:3      | Reached *** piety under Trog
  3571 | D:3      | Reached XP level 7. HP: 35/66 MP: 6/6
  3768 | D:4      | Noticed Edmund
  3782 | D:4      | Killed Edmund
  3967 | D:4      | Got a steaming leather armour
  3978 | D:4      | Identified the +2 leather armour of Leosch {rF+} (You took it off a hobgoblin on level 4 of the Dungeon)
  4262 | D:4      | Reached XP level 8. HP: 67/75 MP: 7/7
  4447 | D:5      | Entered Level 5 of the Dungeon
  4556 | D:5      | Found a radiant altar of Vehumet.
  4612 | D:5      | Found a staircase to the Ecumenical Temple.
  5736 | D:6      | Reached skill level 10 in Axes
  5737 | D:6      | Reached **** piety under Trog
  5995 | D:6      | Reached skill level 10 in Fighting
  6331 | D:7      | Reached XP level 9. HP: 73/86 MP: 8/8
  6377 | D:7      | Noticed Menkaure
  6386 | D:7      | Killed Menkaure
  6499 | D:7      | Noticed a two-headed ogre
  6510 | D:7      | Mangled by a two-headed ogre

Vault maps used:
D:1:      matt_arrival_refuge, minmay_misc_feat_plants,
          minmay_misc_feat_enclosed, tso_altar
D:2:      nicolae_overflow_crystal_walls, grunt_temple_overflow_diamond,
          chequers_ecumenical_altar_simple, minmay_item_behind_shaft,
          minivault_23, uniq_robin
D:3:      overflow_temple_1_default, led_sif_book, first_bread,
          chequers_big_river
D:4:      cheibrodos_barr_body, uniq_grinder, uniq_edmund
D:5:      vehumet_statue, minmay_temple_entry_fiery
D:6:      lexackson_kobold_supper
D:7:      lemuel_round_altar, serial_shops, kennysheep_mini, uniq_joseph,
          uniq_menkaure

Skill      XL: |  1  2  3  4  5  6  7  8 |
---------------+-------------------------+-----
Fighting       | 4 5 6 7 8 10 | 10.6
Axes           | 4 5 6 7 8 10 | 10.8
Armour         | |  2.4
Dodging        | |  2.1

Action                   |  1- 3 |  4- 6 |  7- 9 || total
-------------------------+-------+-------+-------++-------
Melee: Hand axe          |    90 |   112 |   230 ||   432
       Headbutt          |    10 |    21 |    51 ||    82
Invok: Berserk           |       |     3 |     6 ||     9
       Trog's Hand       |       |       |     2 ||     2
  Use: Scroll            |       |     9 |     2 ||    11
       Potion            |       |       |     1 ||     1
 Stab: Sleeping          |     1 |       |       ||     1
  Eat: Chunk             |     2 |     8 |    15 ||    25
Armor: Animal skin       |    22 |       |       ||    22
       Chain mail        |    21 |    47 |   113 ||   181
Dodge: Dodged            |    32 |    51 |    74 ||   157
